 Dungeon Crawl Stone Soup version 0.30-a0-1043-g60ff8d5f49 (webtiles) character file.

Game seed: 11277123332816938265

133 DeathPants the Stinger (level 5, -7/42 HPs)
             Began as a Naga Venom Mage on Apr 9, 2023.
             Killed from afar by Crazy Yiuf (10 damage)
             ... with a bolt of light
             ... on level 3 of the Dungeon.
             The game lasted 00:08:00 (2678 turns).

DeathPants the Stinger (Naga Venom Mage)            Turns: 2678, Time: 00:08:00

Health: -7/42      AC:  2    Str: 12    XL:     5   Next: 16%
Magic:  7/8        EV: 14    Int: 16    God:
Gold:   118        SH:  0    Dex: 11    Spells: 2/8 levels left

rFire   . . .      SeeInvis +    m - +1 flail (freeze)
rCold   . . .      Faith    .    (no shield)
rNeg    . . .      Spirit   .    a - +0 robe
rPois   +          Reflect  .    (no helmet)
rElec   .          Rampage  .    (no cloak)
rCorr   .                        (no gloves)
Will    .....                    (no barding)
Stlth   ++                       (no amulet)
HPRegen 0.27/turn                k - +5 ring of evasion
MPRegen 0.11/turn                (no ring)

@: very slightly contaminated, very slow
A: AC +1, large, see invisible, deformed body, poison resistance, slowness 2,
spit poison 1, naga tail 1
a: Spit Poison


You were on level 3 of the Dungeon.
You visited 1 branch of the dungeon, and saw 4 of its levels.

You collected 118 gold pieces.

Inventory:

Hand Weapons
 m - a +1 flail of freezing (weapon)
Armour
 a - a +0 robe (worn)
 f - an orb of energy
 n - the +0 helmet of Huram {*Corrode Fly Dex+5}
   (You found it on level 2 of the Dungeon)

   Dex:       It affects your dexterity (+5).
   Fly:       It grants you flight.
   *Corrode:  It may corrode you when you take damage.
Jewellery
 k - a +5 ring of evasion (left hand)
Scrolls
 d - 4 scrolls of identify
 e - 2 scrolls of teleportation
 h - a scroll of magic mapping
Potions
 b - a potion of magic
 i - a potion of heal wounds


   Skills:
 - Level 1.5 Dodging
 - Level 3.0 Stealth
 - Level 2.0 Spellcasting
 - Level 1.0 Transmutations
 + Level 3.2 Air Magic
 - Level 6.0 Poison Magic


You had 2 spell levels left.
You knew the following spells:

 Your Spells              Type           Power      Damage    Failure   Level
a - Sting                 Tmut/Pois      48%        1d5       4%          1
b - Poisonous Vapours     Pois/Air       32%        N/A       4%          2
c - Mephitic Cloud        Conj/Pois/Air  11%        N/A       19%         3

Your spell library contained the following spells:

 Spells                   Type           Power      Damage    Failure   Level
 Olgreb's Toxic Radiance  Pois           20%        N/A       17%         4


Dungeon Overview and Level Annotations

Branches:
Dungeon (4/15)
 Temple: D:4-7

Altars:

Annotations:
D:3 Crazy Yiuf


Innate Abilities, Weirdness & Mutations

Your serpentine skin is tough. (AC +1)
You have supernaturally acute eyesight. (SInv)
Armour fits poorly on your strangely shaped body.
Your system is resistant to poisons. (rPois)
You cover ground very slowly.
You can spit poison.
You have a snake-like lower body.


Message History

Crazy Yiuf closely misses you.
You hit Crazy Yiuf. You freeze Crazy Yiuf.
Crazy Yiuf is heavily wounded.
Crazy Yiuf flaps his cloak.
Crazy Yiuf barely misses you.
You hit Crazy Yiuf but do no damage.
Crazy Yiuf is heavily wounded.
Crazy Yiuf zaps a wand.
The bolt of light hits you!
You barely miss Crazy Yiuf.
Crazy Yiuf is heavily wounded.
Crazy Yiuf barely misses you.
Crazy Yiuf whimpers, "Mountain!"
Crazy Yiuf misses you.
You barely miss Crazy Yiuf.
Crazy Yiuf is heavily wounded.
Crazy Yiuf looks more healthy.
Crazy Yiuf laughs, "Action!
Shadow high toodlewoodle."
Crazy Yiuf hits you with a +2 quarterstaff of chaos.
You are electrocuted!
You closely miss Crazy Yiuf.
Crazy Yiuf is severely wounded.
Crazy Yiuf hits you with a +2 quarterstaff of chaos.
Crazy Yiuf draws strength from your wounds!
Crazy Yiuf zaps a wand.
The bolt of light misses you.
Aiming: Sting (safe; 4% risk of failure)
Press: ? - help, Q - select action, (/) - cycle Shift-Dir - straight line, f/p - Crazy Yiuf
Aim: Crazy Yiuf, wielding a +2 quarterstaff of chaos, wearing a +0 cloak and carrying a wand of light (3) (severely wounded, 75% to hit)
You miscast Sting.
You are very lightly contaminated with residual magic.
Nothing appears to happen.
Crazy Yiuf zaps a wand.
The bolt of light hits you!
* * * LOW HITPOINT WARNING * * *
You hit Crazy Yiuf but do no damage.
Crazy Yiuf is severely wounded.
Crazy Yiuf closely misses you.
You hit Crazy Yiuf but do no damage.
Crazy Yiuf is severely wounded.
Crazy Yiuf cries, "You leg down broken song, no?"
Crazy Yiuf zaps a wand.
The bolt of light hits you!
You die...

#.#####).##
#.# #..).#
#.# ♣...)♣
#########.##
♣.).♣♣
.....>.....#
♣♣.♣♣
############
♣.♣♣ # ♣♣.♣
########
♣.♣♣
........
♣♣@♣
######## #g#
# ... #
#...# #
#..)# #
##### # # #
#..


You could see Crazy Yiuf.

Vanquished Creatures
  An orc priest (D:3)
  5 adders
  2 worms
  2 dart slugs
  3 orcs (D:3)
  2 endoplasms (D:3)
  A giant cockroach (D:2)
  2 goblins
  3 hobgoblins
  3 jackals (D:2)
  A kobold (D:1)
  5 quokkas
  6 ball pythons
  7 bats
  3 frilled lizards
46 creatures vanquished.

Notes
Turn   | Place    | Note
-------+----------+-------------------------------------------
     0 | D:1      | DeathPants the Naga Venom Mage began the quest for the Orb.
     0 | D:1      | Reached XP level 1. HP: 15/15 MP: 3/3
   318 | D:1      | Reached XP level 2. HP: 19/22 MP: 0/5
   321 | D:1      | Learned a level 2 spell: Poisonous Vapours
   614 | D:1      | Reached skill level 5 in Poison Magic
  1114 | D:2      | Reached XP level 3. HP: 28/28 MP: 3/6
  1549 | D:2      | Reached skill level 6 in Poison Magic
  1553 | D:2      | Learned a level 3 spell: Mephitic Cloud
  1638 | D:2      | Reached skill level 1 in Air Magic
  1838 | D:2      | Reached XP level 4. HP: 31/36 MP: 3/7
  1920 | D:2      | Identified the +0 helmet of Huram {*Corrode Fly Dex+5}
  2361 | D:3      | Reached XP level 5. HP: 15/42 MP: 6/8
  2665 | D:3      | Found a runed translucent door.
  2666 | D:3      | Noticed Crazy Yiuf
  2678 | D:3      | Killed from afar by Crazy Yiuf

Illustrated notes

Levels and vault maps discovered:
D:1:      psy_arrival_spokes, layout_basic
D:2:      layout_loops_cross
D:3:      layout_loops_ring, nrook_loot_triangle, cheibrodos_gnoll_hut,
          uniq_crazy_yiuf_cottage
D:4:      layout_basic, uniq_pikel

Skill      XL: |  1  2  3  4  5 |
---------------+----------------+-----
Poison Magic   | 5 6 |  6.0
Air Magic      | 1 2 3 |  3.2
Dodging        | |  1.5
Stealth        | |  3.0
Spellcasting   | |  2.0
Transmutations | |  1.0

Action                     |  1- 3 |  4- 6 || total
---------------------------+-------+-------++-------
  Melee: Dagger            |     9 |       ||     9
         Unarmed           |     2 |       ||     2
         Flail             |    29 |    38 ||    67
         Punch             |     1 |     2 ||     3
   Cast: Sting             |    58 |    12 ||    70
         Poisonous Vapours |       |     1 ||     1
    Use: Scroll            |     3 |     4 ||     7
   Stab: Sleeping          |     1 |       ||     1
 Armour: Robe              |     9 |     8 ||    17
  Dodge: Dodged            |    58 |    33 ||    91

Table legend: (Time is in decaauts)
 A = Elapsed time spent in this place.
 B = Non-inter-level travel time spent in this place.
 C = Inter-level travel time spent in this place.
 D = Time resting spent in this place.
 E = Time spent auto-exploring this place.
 F = Levels seen in this place.
 G = Mean time per level.
                   A        B        C        D        E       F      G
               +--------+--------+--------+--------+--------+-----+--------+
         Total |   3294 |   3220 |     74 |    486 |   1950 |   4 |  823.5 |
       Dungeon |   3294 |   3220 |     74 |    486 |   1950 |   4 |  823.5 |
               +--------+--------+--------+--------+--------+-----+--------+

Top non-repeatable levels by time:
     D:2: 1550 daAuts
     D:1: 1039 daAuts
     D:3: 702 daAuts
     D:4: 1 daAuts
